 Dungeon Crawl Stone Soup version 0.19.1 (webtiles) character file.

639 Ice the Ducker (level 7, -9/61 HPs)
             Began as a Minotaur Berserker on Nov 30, 2016.
             Was a Priest of Trog.
             Killed by divine providence
             ... invoked by an orc priest
              (20 damage)
             ... on level 5 of the Dungeon.
             The game lasted 00:19:58 (2959 turns).

Ice the Ducker (Minotaur Berserker)                 Turns: 2959, Time: 00:19:58

Health: -9/61      AC: 13    Str: 22    XL:     7   Next: 26%
Magic:  6/6        EV:  8    Int:  4    God:    Trog [***...]
Gold:   189        SH:  0    Dex: 11    Spells: 0 memorised, 6 levels left

rFire  + . .     SeeInvis .     G - +0 war axe
rCold  . . .     Gourm    .     l - +0 plate armour
rNeg   . . .     Faith    .     (no shield)
rPois  .         Spirit   .     (helmet restricted)
rElec  .         Reflect  .     z - +0 cloak
rCorr  .         Harm     +     (no gloves)
MR     .....                    (no boots)
Stlth  ..........               a - amulet of harm
                                (no ring)
                                s - ring of protection from fire

@: no status effects
A: retaliatory headbutt, horns 2
a: Berserk, Trog's Hand, Burn Spellbooks, Renounce Religion


You were on level 5 of the Dungeon.
You worshipped Trog.
Trog was most pleased with you.
You were not hungry.

You visited 1 branch of the dungeon, and saw 5 of its levels.

You collected 189 gold pieces.

Inventory:

Hand Weapons
 j - a +0 hunting sling of freezing
 x - a +0 hand crossbow
 A - a +0 blowgun
 B - a +1 dagger of speed
 G - a +0 war axe (weapon)
Missiles
 g - 22 poisoned needles
 m - 55 arrows
 o - 75 sling bullets
 p - 66 stones (quivered)
 u - 8 curare-tipped needles
 C - 28 bolts
Armour
 l - a +0 plate armour (worn)
 z - a +0 cloak (worn)
Jewellery
 a - an amulet of harm (around neck)
 s - a ring of protection from fire (left hand)
Scrolls
 e - 8 scrolls of remove curse
 i - a scroll of blinking
 q - 2 scrolls of fog
 r - a scroll of enchant weapon {unknown}
 w - a scroll of enchant armour {unknown}
 D - a scroll of magic mapping {unknown}
 E - 3 scrolls of immolation {unknown}
Potions
 c - a potion of brilliance {unknown}
 d - 2 potions of berserk rage
 h - a potion of heal wounds
 k - 2 potions of cancellation
 n - a potion of agility
 H - a potion of cure mutation {unknown}
Books
 y - a book of Cantrips

   Spells                             Type                      Level
   a - Confusing Touch                Hexes                        1
   b - Animate Skeleton               Necromancy                   1
   c - Summon Small Mammal            Summoning                    1
   d - Apportation                    Translocation                1
   Trog disapproves of the use of such an item.
Comestibles
 b - 6 bread rations
 f - 3 meat rations
 t - a slice of pizza
 v - 3 beef jerkies
 F - 7 chunks of flesh


   Skills:
 - Level 5.0 Fighting
 + Level 4.5 Throwing
 - Level 5.0 Armour
 - Level 5.0 Dodging
 - Level 3.2 Unarmed Combat


You had 6 spell levels left.
You didn't know any spells.

Dungeon Overview and Level Annotations

Branches:
Dungeon (5/15)
 Temple: D:4-7

Altars:
Cheibriados


Innate Abilities, Weirdness & Mutations

You reflexively headbutt those who attack you in melee.
You have a pair of horns on your head.


Message History

Trog accepts your kill.
The orc priest calls down the wrath of Beogh upon you.
Beogh smites you!
The orc priest calls down the wrath of Beogh upon you.
Beogh smites you!
An orc comes into view. It is wielding a whip of venom.
The orc shouts!
The orc priest hits you but does no damage.
You see here a whip.
You barely miss the orc priest.
The orc priest is almost dead.
You barely miss the orc. The orc priest barely misses you.
The orc priest invokes the aid of Beogh against you.
Beogh smites you!
* * * LOW HITPOINT WARNING * * *
The orc hits you with a dagger.
* * * LOW HITPOINT WARNING * * *
The orc priest calls down the wrath of Beogh upon you.
Beogh smites you!
You die...

.......# ###.#.#
.......#### #.#.##
..........## #....
.##........# ###.#
.###.#.##..#####.#
.......##..<.....####
.......##.######....#
####....#.######.##.###
#......##....@o....#
##...####.###o#....#
#...# #oo...... #...#
#o#....## #...#
.o..).... #...# o##
##.## ..... ) .# ......
..


You could see 3 orc priests and 4 orcs.

Vanquished Creatures
  A sky beast (D:4)
  3 ogres
  An iguana (D:4)
  Ijyb (D:2)
  A worker ant (D:4)
  A hound skeleton (D:4)
  Robin (D:4)
  3 gnolls (D:4)
  8 adders
  An ooze (D:1)
  An adder skeleton (D:4)
  3 dart slugs
  A leopard gecko (D:1)
  7 orcs
  5 bats
  3 giant cockroaches
  17 goblins
  10 hobgoblins
  2 jackals (D:5)
  A ball python (D:3)
  A ball python skeleton (D:4)
  2 frilled lizards (D:1)
  4 kobolds
  5 rats
83 creatures vanquished.

Notes
Turn   | Place    | Note
-------+----------+-------------------------------------------
     0 | D:1      | Ice the Minotaur Berserker began the quest for the Orb.
     0 | D:1      | Reached XP level 1. HP: 19/19 MP: 0/0
   139 | D:1      | Reached XP level 2. HP: 12/26 MP: 1/1
   467 | D:2      | Noticed Ijyb
   484 | D:2      | Killed Ijyb
   484 | D:2      | Reached XP level 3. HP: 30/31 MP: 2/2
   545 | D:2      | Reached ** piety under Trog
   641 | D:2      | Reached XP level 4. HP: 15/39 MP: 3/3
   688 | D:2      | You fall through a shaft for 2 floors!
   781 | D:3      | Reached skill level 5 in Dodging
  1093 | D:2      | Found a snail-covered altar of Cheibriados.
  1573 | D:3      | Noticed an ogre
  1580 | D:3      | Killed an ogre
  1580 | D:3      | Reached XP level 5. HP: 44/45 MP: 4/4
  1643 | D:3      | Reached skill level 5 in Armour
  2076 | D:4      | Noticed Robin
  2082 | D:4      | Killed Robin
  2084 | D:4      | Reached XP level 6. HP: 53/53 MP: 5/5
  2219 | D:4      | Reached *** piety under Trog
  2378 | D:4      | Reached skill level 5 in Fighting
  2482 | D:4      | Reached skill level 1 in Throwing
  2735 | D:4      | Noticed a sky beast
  2750 | D:4      | Killed a sky beast
  2844 | D:5      | Entered Level 5 of the Dungeon
  2855 | D:5      | Reached XP level 7. HP: 38/61 MP: 6/6
  2959 | D:5      | Killed from afar by an orc priest

Skill      XL: |  1  2  3  4  5  6  7 |
---------------+----------------------+-----
Dodging        | 3 4 5 |  5.0
Armour         | 4 5 |  5.0
Fighting       | 4 5 |  5.0
Throwing       | 3 4 |  4.5
Unarmed Combat | |  3.2

Action                   |  1- 3 |  4- 6 |  7- 9 || total
-------------------------+-------+-------+-------++-------
Melee: Hand axe          |    61 |     1 |       ||    62
       Unarmed           |     5 |       |       ||     5
       Headbutt          |     5 |    25 |     2 ||    32
       Punch             |     1 |     2 |       ||     3
       Rapier            |       |    25 |       ||    25
       Trident           |       |    21 |       ||    21
       Mace              |       |    28 |       ||    28
       War axe           |       |    31 |     5 ||    36
 Fire: Hunting sling     |       |    26 |    12 ||    38
       Blowgun           |       |    19 |     3 ||    22
       Hand crossbow     |       |     2 |       ||     2
Throw: Stone             |    23 |    23 |       ||    46
  Use: Scroll            |     1 |     8 |       ||     9
  Eat: Chunk             |       |     6 |     1 ||     7
Armor: Animal skin       |     9 |       |       ||     9
       Scale mail        |    11 |       |       ||    11
       Plate armour      |       |    70 |     1 ||    71
Dodge: Dodged            |    43 |    57 |     3 ||   103
